 Dungeon Crawl Stone Soup version 0.26.0-10-g1f06aea511 (webtiles) character file.

Game seed: 2333091378581292022

369 funkygono the Shield-Bearer (level 6, -1/38 HPs)
             Began as a Gargoyle Fighter on Feb 4, 2021.
             Slain by an ogre
             ... wielding the +4 great mace of Dissatisfaction {freeze, Int+4}
              (4 damage)
             ... on level 3 of the Dungeon.
             The game lasted 00:06:51 (3495 turns).

funkygono the Shield-Bearer (Gargoyle Fighter)      Turns: 3495, Time: 00:06:54

Health: -1/38      AC: 11    Str: 22    XL:     6   Next: 70%
Magic:  0/6        EV:  8    Int:  8    God:
Gold:   185        SH: 10    Dex:  9    Spells: 5/5 levels left

rFire    . . .     SeeInvis .   a - +0 whip
rCold    . . .     Faith    .   c - +0 kite shield
rNeg     + . .     Spirit   +   t - +0 scale mail
rPois    ∞         Reflect  .   (no helmet)
rElec    +         Harm     .   (no cloak)
rCorr    +         Rampage  .   (no gloves)
Will     .....                  (no boots)
Stlth    ..........             f - amulet of guardian spirit
HPRegen  0.12/turn              i - ring of resist corrosion
MPRegen  0.10/turn              (no ring)

@: no status effects
A: negative energy resistance 1, electricity resistance, unbreathing,
petrification resistance, miasma immunity, AC +4
a: no special abilities


You were on level 3 of the Dungeon.
You visited 1 branch of the dungeon, and saw 3 of its levels.
You also visited: Sewer.

You collected 185 gold pieces.

Inventory:

Hand Weapons
 a - a +0 whip (weapon)
 b - the +6 hunting sling of Righteous Anger {freeze, rElec rF+ rC+ rN++ Will-}
   (You found it in a sewer)

   It causes projectiles fired from it to freeze those they strike, causing
   extra injury to most foes and up to half again as much damage against
   particularly susceptible opponents.
   They can also slow down cold-blooded creatures.
   It protects you from fire.
   It protects you from cold.
   It insulates you from electricity.
   It greatly protects you from negative energy.
   It affects your willpower, your defense against some magical effects.
Missiles
 e - 32 sling bullets
 k - 58 stones (quivered)
Armour
 c - a +0 kite shield (worn)
 t - a +0 scale mail (worn)
Jewellery
 f - an amulet of guardian spirit (around neck)
 i - a ring of resist corrosion (left hand)
 j - an uncursed ring of ice
Scrolls
 h - 2 scrolls of remove curse
 l - 3 scrolls of teleportation
Potions
 d - 3 potions of might
 g - 2 potions of haste
 m - a potion of attraction {unknown}
 n - 5 potions of curing
 o - a potion of flight
 p - 2 potions of berserk rage
 q - 4 potions of heal wounds
 r - a potion of degeneration {unknown}
 s - a potion of resistance {unknown}


   Skills:
 + Level 4.0 Fighting
 + Level 3.9 Maces & Flails
 + Level 1.0 Slings
 + Level 4.4 Armour
 + Level 1.3 Dodging
 + Level 5.1 Shields


You had 5 spell levels left.
You didn't know any spells.
Your spell library was empty.

Dungeon Overview and Level Annotations

Branches:
Dungeon (3/15)              Sewer (visited)

Altars:
Cheibriados
Qazlal

Annotations:
D:3 1 transporter, SamuraiZach's ghost, amateur OpBr


Innate Abilities, Weirdness & Mutations

You are resistant to torment.
Your stone body is resilient. (AC +4)
You are immune to poison.
You resist negative energy. (rN+)
You are resistant to electric shocks. (rElec)
You can survive without breathing.
You are immune to petrification.
You are immune to miasma.


Message History

You barely miss the ogre. You block the ogre's attack.
You completely miss the ogre.
The ogre hits you with the +4 great mace of Dissatisfaction {freeze, Int+4}!
The ogre freezes you.
You hit the ogre.
The ogre is lightly wounded.
The ogre barely misses you.
You hit the ogre.
The ogre is lightly wounded.
You block the ogre's attack.
You hit the ogre.
The ogre is lightly wounded.
The ogre closely misses you. x2
You hit the ogre.
The ogre is lightly wounded.
The ogre hits you with the +4 great mace of Dissatisfaction {freeze, Int+4}!!
Ouch! That really hurt!
* * * LOW HITPOINT WARNING * * *
The ogre freezes you.
You die...

..........##.........# #.#
............§.©......# #.#
.......#############.# #.#
.......#©...$!.....#.# #.#
.......#..##...##..### #.#
....)..#.#..#.#O.#.# #.#
.......#.#..#.#..#.##########.##
########..##...##O.#........†..#
#.....©WO@..#############
#############


You could see 2 ogres and SamuraiZach's ghost.

Vanquished Creatures
  Purgy (Sewer)
  2 orc priests (D:3)
  A worker ant (D:2)
  A hound zombie (D:3)
  3 gnolls (D:3)
  5 adders
  An ooze (D:1)
  3 worms (D:3)
  5 leopard geckos
  8 orcs (D:3)
  7 bats
  4 giant cockroaches
  4 goblins
  5 hobgoblins
  7 jackals
  2 quokkas (D:3)
  3 ball pythons
  10 kobolds
  8 rats
80 creatures vanquished.

Vanquished Creatures (others)
  30 plants (D:1)
30 creatures vanquished.

Grand Total: 110 creatures vanquished

Notes
Turn   | Place    | Note
-------+----------+-------------------------------------------
     0 | D:1      | funkygono the Gargoyle Fighter began the quest for the Orb.
     0 | D:1      | Reached XP level 1. HP: 14/14 MP: 1/1
    66 | D:1      | Reached XP level 2. HP: 9/19 MP: 2/2
   754 | D:2      | Reached XP level 3. HP: 19/23 MP: 3/3
   822 | D:2      | Reached skill level 4 in Shields
   927 | D:2      | Reached XP level 4. HP: 9/28 MP: 2/4
  1324 | D:2      | Found a stormy altar of Qazlal.
  1727 | D:3      | Reached XP level 5. HP: 30/33 MP: 5/5
  1730 | D:3      | Found a transporter.
  1734 | D:3      | Found a transporter.
  1735 | D:3      | Noticed SamuraiZach's ghost (amateur OpBr)
  1736 | D:3      | Noticed an ogre
  1737 | D:3      | Identified the +4 great mace of Dissatisfaction {freeze,
                  | Int+4}
  1737 | D:3      | Noticed an ogre
  1903 | D:3      | Found a glowing drain.
  1945 | Sewer    | Entered a sewer
  2087 | Sewer    | Noticed Purgy
  2134 | Sewer    | Killed Purgy
  2135 | Sewer    | Reached skill level 1 in Dodging
  2135 | Sewer    | Reached skill level 5 in Shields
  2135 | Sewer    | Reached XP level 6. HP: 13/38 MP: 2/6
  2369 | Sewer    | Got a smoking hunting sling
  2370 | Sewer    | Identified the +6 hunting sling of Righteous Anger {freeze,
                  | rElec rF+ rC+ rN++ Will-} (You found it in a sewer)
  2583 | D:3      | Found a snail-covered altar of Cheibriados.
  3115 | D:3      | Reached skill level 1 in Slings
  3495 | D:3      | Slain by an ogre

Illustrated notes

Levels and vault maps discovered:
D:1:      roderic_crop_circles_arrival_small, layout_rooms
D:2:      layout_loops_ring, nicolae_qazlal_general_emergency
D:3:      layout_basic, old_standard_altar, cheibrodos_sewer_entry_bend,
          gammafunk_ghost_smash, serial_bayou_pond_a

Skill      XL: |  1  2  3  4  5  6 |
---------------+-------------------+-----
Shields        | 4 5 |  5.1
Armour         | 4 |  4.4
Maces & Flails | 3 |  3.9
Dodging        | 1 |  1.3
Fighting       | 4 |  4.0
Slings         | 1 |  1.0

Action                   |  1- 3 |  4- 6 || total
-------------------------+-------+-------++-------
Melee: Flail             |    26 |       ||    26
       Whip              |   106 |   275 ||   381
 Fire: Hunting sling     |       |    25 ||    25
  Use: Scroll            |     7 |     3 ||    10
Armor: Scale mail        |    67 |   151 ||   218
Dodge: Dodged            |    49 |   112 ||   161
Block: Kite shield       |    91 |   136 ||   227
